 Dungeon Sprint DCSS version 0.21-a0-401-g0b6bec4 (webtiles) character file.

69378009 Ordine the Conqueror (level 24, 199/199 HPs)
             Began as a Gargoyle Berserker on Oct 24, 2017.
             Was the Champion of the Shining One.
             Escaped with the Orb
             ... and 17 runes!
             The game lasted 01:31:57 (26494 turns).

Ordine the Conqueror (Gargoyle Berserker)          Turns: 26494, Time: 01:31:57

Health: 199/199    AC: 56    Str: 32    XL:     24   Next: 31%
Magic:  18/18      EV: 28    Int: 13    God:    the Shining One [******]
Gold:   660        SH: 32    Dex: 22    Spells: 77/77 levels left

rFire    + + .     SeeInvis .   b - +9 eveningstar (antimagic)
rCold    + + .     Gourm    .   K - +0 large shield
rNeg     + + +     Faith    .   E - +2 gold dragon scales
rPois    ∞         Spirit   .   D - +0 hat of Exclusion {Int+4 Dex+5}
rElec    +         Reflect  +   j - +2 cloak
rCorr    .         Harm     .   x - +1 pair of gloves
MR       +....     NoTele   +   C - +0 pair of boots
Stlth    +.........             e - amulet "Kodaev" {Reflect rElec rC+ Dex+5 SH+3}
HPRegen  0.43/turn              r - ring of protection from fire
MPRegen  0.16/turn              u - ring "Keaploqe" {Dex+3 Slay+3}

@: flying, hasted, glowing, very quick
A: big wings, blink, blurry vision 1, dopey 1, negative energy resistance 1,
sense surroundings 1, robust 1, electricity resistance, strong 1, wild magic 1,
unbreathing, petrification resistance, rot immunity, MP-powered wands, AC +18
0: Orb of Zot
}: 17/15 runes: decaying, serpentine, barnacled, slimy, elven, silver, golden,
iron, obsidian, icy, bone, abyssal, glowing, magical, fiery, dark, gossamer
a: Stop Flying, Blink, Divine Shield, Cleansing Flame, Summon Divine Warrior,
Renounce Religion


You escaped.
You worshipped the Shining One.
The Shining One was exalted by your worship.
You were full.

You visited 1 branch You collected 1947 gold pieces.
You spent 1287 gold pieces at shops.

Inventory:

Hand Weapons
 a - a +9 eveningstar of holy wrath
 b - a +9 antimagic eveningstar (weapon)
 c - a +9 sacred scourge of holy wrath
Missiles
 n - 29 javelins of penetration
 G - 8 tomahawks of dispersal
 I - 6 silver javelins
 L - 13 steel javelins
 M - 16 poisoned javelins
 N - 48 javelins
 O - 14 tomahawks of returning
 P - 4 tomahawks (quivered)
 Q - 4 needles of paralysis
 R - 14 poisoned needles
 S - 6 needles of sleeping
 U - 51 javelins of returning
Armour
 j - a +2 cloak (worn)
 x - a +1 pair of gloves (worn)
 C - a +0 pair of boots (worn)
 D - the +0 hat of Exclusion (worn) {Int+4 Dex+5}
   (You found it in the Dungeon)

   It affects your intelligence (+4).
   It affects your dexterity (+5).
 E - +2 gold dragon scales (worn)
 K - a +0 large shield (worn)
Jewellery
 e - the amulet "Kodaev" (around neck) {Reflect rElec rC+ Dex+5 SH+3}
   (You found it in the Dungeon)

   [amulet of reflection]

   It shields you and reflects attacks.
   It affects your dexterity (+5).
   It protects you from cold.
   It insulates you from electricity.
   It affects your SH (+3).
 l - an uncursed ring of protection from cold
 o - an uncursed ring of protection from fire
 r - a ring of protection from fire (left hand)
 u - the ring "Keaploqe" (right hand) {Dex+3 Slay+3}
   (You found it in the Dungeon)

   [ring of slaying]

   It affects your dexterity (+3).
   It affects your accuracy and damage with ranged weapons and melee attacks
   (+3).
Scrolls
 k - 10 scrolls of remove curse
 t - a scroll of fear
 w - 2 scrolls of amnesia
 y - 2 scrolls of identify
 B - 3 scrolls of fog
 H - a scroll of recharging
 J - 2 scrolls of enchant weapon
Potions
 d - 6 potions of curing
 f - a potion of haste
 g - 4 potions of magic
 h - 2 potions of berserk rage
 q - 3 potions of brilliance
 s - 2 potions of resistance
 v - a potion of might
Comestibles
 m - 4 royal jellies
 z - 35 fruits
 A - 12 meat rations
 T - 12 bread rations


   Skills:
 O Level 27 Fighting
 O Level 27 Maces & Flails
   Level 14.0(22.1) Staves
 O Level 27 Throwing
 O Level 27 Armour
 O Level 27 Dodging
 O Level 27 Stealth
 O Level 27 Shields
 O Level 27 Unarmed Combat
 O Level 27 Spellcasting
 O Level 27 Invocations


You had 77 spell levels left.
You didn't know any spells.

Dungeon Overview and Level Annotations

Branches:
Dungeon (1/1)

Altars:
Cheibriados
Dithmenos
Elyvilon
Fedhas
Gozag
Hepliaklqana
Kikubaaqudgha
Makhleb
Nemelex Xobeh
Okawaru
Qazlal
Ru
Sif Muna
Trog
Uskayaw
Vehumet
Wu Jian
Xom
Yredelemnul
Zin
The Shining One
Beogh
Jiyva
Lugonu

Shops:
D }:


Innate Abilities, Weirdness & Mutations

You are resistant to torment.
Your stone body is resilient. (AC +18)
You are immune to poison.
Your large and strong wings let you fly indefinitely.
You resist negative energy. (rN+)
You are resistant to electric shocks. (rElec)
You can survive without breathing.
You are immune to petrification.
You are immune to rotting.
You can translocate small distances at will.
Scrolls take you a little longer to read.
You are dopey. (Int -2)
You passively map a small area around you.
You are robust. (+10% HP)
Your muscles are strong. (Str +2)
Your spells are a little harder to cast, but a little more powerful.
You expend magic power (3 MP) to strengthen your wands.


Message History

There is a blossoming altar of Fedhas here.
There is a white marble altar of Elyvilon here.
There is a shadowy altar of Dithmenos here.
You impale the crimson imp!!
You kill the crimson imp!
The Shining One accepts your kill.
You feel yourself slow down.
No target in view!
No target in view!
No target in view!
You feel yourself speed up.
(D) Dungeon
Where to? (Enter - D @ (x,y), ? - help)
There is a snail-covered altar of Cheibriados here.
There is a roughly hewn altar of Beogh here.
There is an open door to the Temple here.
There is an open door here.
There is an open door to the Dungeon, spattered with blood here.
There is a staircase leading out of the dungeon here.
You have escaped!

▓▓▓▓▓▓▓▓▓▓▓▓▓▓▓▓▓▓
'.....'.....'...@▓
▓▓▓▓▓▓▓▓▓▓▓▓▓▓▓▓▓▓
.................▓
▓▓▓▓▓▓▓▓▓▓▓▓▓▓▓▓.▓
..(......'.......▓
▓▓▓▓▓▓▓▓▓▓▓▓▓▓▓▓▓▓
.................▓
▓▓▓▓▓▓▓▓▓▓▓▓▓▓▓▓.▓
)))).............▓


There were no monsters in sight!

Vanquished Creatures
  Antaeus (D)
  the Royal Jelly (D)
  Ereshkigal (D)
  Asmodeus (D)
  6 pandemonium lords (D)
  Mnoleg (D)
  Gloorx Vloq (D)
  Lom Lobon (D)
  Dispater (D)
  4 orbs of fire (D)
  Mara (D)
  4 ancient liches (D)
  Mennas (D)
  4 greater mummies (D)
  Boris (D)
  Margery (D)
  Nikola (D)
  Geryon (D)
  2 golden dragons (D)
  A profane servitor (D)
  2 Brimstone Fiends (D)
  3 electric golems (D)
  A tentacled monstrosity (D)
  A Hell Sentinel (D)
  36 Orb Guardians (D)
  2 deep elf blademasters (D)
  2 quicksilver dragons (D)
  4 liches (D)
  An Executioner (D)
  7 acid blobs (D)
  2 death cobs (D)
  8 shadow dragons (D)
  A tentacled starspawn (D)
  Frances (D)
  12 sphinxes (D)
  A draconian monk (D)
  3 storm dragons (D)
  4 nagarajas (D)
  9 azure jellies (D)
  Ilsuiw (D)
  A blood saint (D)
  2 ghost moths (D)
  4 vault wardens (D)
  2 emperor scorpions (D)
  A warmonger (D)
  A draconian knight (D)
  2 draconian shifters (D)
  A daeva (D)
  2 draconian scorchers (D)
  An iron dragon (D)
  2 deep elf sorcerers (D)
  3 balrugs (D)
  2 cacodemons (D)
  2 black suns (D)
  A draconian stormcaller (D)
  A frost giant (D)
  3 reapers (D)
  13 stone giants (D)
  A draconian annihilator (D)
  5 ironheart preservers (D)
  An entropy weaver (D)
  2 very ugly things (D)
  A corrupter (D)
  A deep elf demonologist (D)
  4 black draconians (D)
  5 vampire knights (D)
  2 green draconians (D)
  4 white draconians (D)
  5 purple draconians (D)
  4 red draconians (D)
  A spark wasp (D)
  3 yellow draconians (D)
  Azrael (D)
  3 ettins (D)
  5 merfolk javelineers (D)
  Snorg (D)
  11 death oozes (D)
  2 blizzard demons (D)
  3 green deaths (D)
  3 fire dragons (D)
  4 deep elf death magi (D)
  3 merfolk impalers (D)
  2 yaktaur captains (D)
  3 deep elf high priests (D)
  A great orb of eyes (D)
  3 mummy priests (D)
  8 hydras (D)
  A rakshasa (D)
  25 vault guards (D)
  3 hell beasts (D)
  3 naga warriors (D)
  3 ice dragons (D)
  A spriggan air mage (D)
  2 alligator snapping turtles (D)
  4 centaur warriors (D)
  5 merfolk aquamancers (D)
  A tengu warrior (D)
  A monstrous demonspawn (D)
  A two-headed ogre (D)
  2 deep troll earth magi (D)
  A death knight (D)
  A spriggan berserker (D)
  A naga sharpshooter (D)
  2 shock serpents (D)
  2 thrashing horrors (D)
  4 soul eaters (D)
  8 sun demons (D)
  6 hell knights (D)
  5 sixfirhies (D)
  2 sea snakes (D)
  A spriggan druid (D)
  2 skeletal warriors (D)
  4 small abominations (D)
  2 infernal demonspawn (D)
  3 shadow demons (D)
  8 swamp dragons (D)
  A flayed ghost (D)
  12 orc knights (D)
  A deep elf archer (D)
  A phantasmal warrior (D)
  2 ironbrand convokers (D)
  4 ugly things (D)
  A mana viper (shapeshifter) (D)
  2 necromancers (D)
  4 wolf spiders (D)
  6 cyclopes (D)
  16 moths of wrath (D)
  A worldbinder (D)
  2 rust devils (D)
  2 black mambas (D)
  3 vault sentinels (D)
  6 spiny frogs (D)
  5 naga magi (D)
  5 guardian serpents (D)
  Joseph (D)
  An eye of devastation (shapeshifter) (D)
  8 orange demons (D)
  3 smoke demons (D)
  2 large abominations (D)
  2 hellions (D)
  2 freezing wraiths (D)
  A yaktaur (D)
  4 ice devils (D)
  2 komodo dragons (D)
  An efreet (D)
  21 guardian mummies (D)
  A tengu conjurer (D)
  4 hellwings (D)
  A polar bear (D)
  A merfolk (D)
  3 tyrant leeches (D)
  10 red devils (D)
  2 trolls (D)
  3 jumping spiders (D)
  A wandering mushroom (D)
  A wind drake (D)
  4 slime creatures (D)
  A snapping turtle (D)
  2 hippogriffs (D)
  2 blink frogs (D)
  2 bog bodies (D)
  11 spriggans (D)
  A spriggan (shapeshifter) (D)
  4 redbacks (D)
  A water elemental (D)
  A yak (D)
  3 ynoxinuls (D)
  Grum (D)
  4 fire elementals (D)
  3 tarantellas (D)
  A vampire mosquito (D)
  2 basilisks (D)
  A golden eye (D)
  A warg (shapeshifter) (D)
  4 neqoxecs (D)
  6 chaos spawn (D)
  An insubstantial wisp (D)
  A swamp worm (shapeshifter) (D)
  A hell hound (D)
  6 water moccasins (D)
  A porcupine (D)
  A floating eye (D)
  A swamp drake (D)
  A necrophage (D)
  A sky beast (D)
  2 eyes of draining (D)
  3 black bears (D)
  15 orc warriors (D)
  An ogre (D)
  4 wolves (D)
  A crocodile (D)
  A centaur (D)
  5 bullfrogs (D)
  A scorpion (D)
  3 crimson imps (D)
  A quasit (D)
  A hound (D)
  2 orc priests (D)
  5 orc wizards (D)
  2 iron imps (D)
  2 worker ants (D)
  2 shadow imps (D)
  A white imp (D)
  An ufetubus (D)
  An adder skeleton (D)
  An adder zombie (D)
  7 orcs (D)
  A bat (D)
  A giant cockroach (D)
  A goblin (D)
  A quokka zombie (D)
  2 rats (D)
  3 crawling corpses (D)
665 creatures vanquished.

Vanquished Creatures (collateral kills)
  Frederick (D)
  A tengu reaver (D)
  A draconian monk (D)
  A draconian knight (D)
  An emperor scorpion (D)
  A very ugly thing (D)
  2 vampire knights (D)
  A yaktaur captain (D)
  An ironbrand convoker (D)
  A vault sentinel (D)
  A slime creature (D)
12 creatures vanquished.

Vanquished Creatures (others)
  Cerebov (D)
  2 deep elf master archers (D)
  A shadow dragon (D)
  A draconian knight (D)
  A draconian annihilator (D)
  A shadow wraith (D)
  A small abomination (D)
  7 ball lightnings (D)
15 creatures vanquished.

Grand Total: 692 creatures vanquished

Notes
Turn   | Place    | Note
-------+----------+-------------------------------------------
     0 | D        | Ordine the Gargoyle Berserker began the quest for the Orb.
     0 | D        | Reached XP level 1. HP: 14/14 MP: 1/1
     8 | D        | Reached ** piety under Trog
    89 | D        | Noticed a sky beast
    89 | D        | Noticed a scorpion
    89 | D        | Noticed a hound
    89 | D        | Noticed a worker ant
    89 | D        | Noticed a necrophage
    96 | D        | Killed a necrophage
    96 | D        | Reached XP level 2. HP: 23/23 MP: 2/2
    96 | D        | Reached XP level 3. HP: 28/28 MP: 3/3
    96 | D        | Reached XP level 4. HP: 32/32 MP: 4/4
   100 | D        | Reached *** piety under Trog
   100 | D        | Reached XP level 5. HP: 34/37 MP: 5/5
   115 | D        | Killed a sky beast
   115 | D        | Reached skill level 10 in Maces & Flails
   115 | D        | Reached XP level 6. HP: 23/45 MP: 6/6
   248 | D        | Found a roughly hewn altar of Beogh.
   248 | D        | Found a snail-covered altar of Cheibriados.
   248 | D        | Found a shadowy altar of Dithmenos.
   248 | D        | Found a white marble altar of Elyvilon.
   248 | D        | Found a blossoming altar of Fedhas.
   248 | D        | Found an opulent altar of Gozag.
   249 | D        | Found a hazy altar of Hepliaklqana.
   250 | D        | Found a viscous altar of Jiyva.
   251 | D        | Found an ancient bone altar of Kikubaaqudgha.
   252 | D        | Found a corrupted altar of Lugonu.
   253 | D        | Found a burning altar of Makhleb.
   254 | D        | Found a sparkling altar of Nemelex Xobeh.
   255 | D        | Found an iron altar of Okawaru.
   256 | D        | Found a stormy altar of Qazlal.
   257 | D        | Found a sacrificial altar of Ru.
   258 | D        | Found a deep blue altar of Sif Muna.
   259 | D        | Found a bloodstained altar of Trog.
   260 | D        | Found a hide-covered altar of Uskayaw.
   261 | D        | Found a radiant altar of Vehumet.
   262 | D        | Found an ornate altar of the Wu Jian Council.
   263 | D        | Found a shimmering altar of Xom.
   264 | D        | Found a basalt altar of Yredelemnul.
   265 | D        | Found a glowing silver altar of Zin.
   266 | D        | Found a glowing golden altar of the Shining One.
   297 | D        | Noticed a komodo dragon
   297 | D        | Noticed a water moccasin
   302 | D        | Reached **** piety under Trog
   312 | D        | Killed a water moccasin
   312 | D        | Reached XP level 7. HP: 51/51 MP: 7/7
   317 | D        | Killed a komodo dragon
   317 | D        | Reached ***** piety under Trog
   317 | D        | Reached skill level 10 in Fighting
   401 | D        | Noticed a slime creature
   401 | D        | Noticed a centaur warrior
   401 | D        | Noticed a centaur warrior
   401 | D        | Noticed a cyclops
   410 | D        | Killed a cyclops
   410 | D        | Reached skill level 5 in Dodging
   410 | D        | Reached XP level 8. HP: 59/59 MP: 8/8
   416 | D        | Killed a centaur warrior
   416 | D        | Reached XP level 9. HP: 64/64 MP: 9/9
   422 | D        | Killed a centaur warrior
   570 | D        | Noticed a spiny frog
   573 | D        | Received a gift from Trog
   586 | D        | Noticed a komodo dragon
   587 | D        | Reached XP level 10. HP: 72/72 MP: 10/10
   589 | D        | Killed a spiny frog
   589 | D        | Reached skill level 15 in Maces & Flails
   589 | D        | Reached skill level 10 in Armour
   601 | D        | Received a gift from Trog
   738 | D        | Noticed a spiny frog
   748 | D        | Noticed a spiny frog
   749 | D        | Reached skill level 1 in Staves
   756 | D        | Killed a spiny frog
   776 | D        | Killed a spiny frog
   776 | D        | Reached ****** piety under Trog
   776 | D        | Received a gift from Trog
   817 | D        | Noticed a spiny frog
   817 | D        | Noticed a spiny frog
   817 | D        | Noticed a spiny frog
   825 | D        | Killed a spiny frog
   827 | D        | Killed a spiny frog
   837 | D        | Killed a spiny frog
   851 | D        | Received a gift from Trog
   860 | D        | Reached XP level 11. HP: 53/80 MP: 11/11
  1140 | D        | Noticed Grum
  1142 | D        | Reached skill level 5 in Staves
  1151 | D        | Killed Grum
  1151 | D        | Received a gift from Trog
  1223 | D        | Noticed an orc knight
  1237 | D        | Killed an orc knight
  1237 | D        | Received a gift from Trog
  1253 | D        | Received a gift from Trog
  1347 | D        | Noticed an orc knight
  1373 | D        | Killed an orc knight
  1373 | D        | Reached skill level 15 in Fighting
  1394 | D        | Received a gift from Trog
  1521 | D        | Found Nuadal's Food Boutique.
  1521 | D        | Noticed an orc knight
  1521 | D        | Noticed an orc knight
  1521 | D        | Noticed an orc knight
  1521 | D        | Noticed an orc knight
  1525 | D        | Noticed an orc knight
  1533 | D        | Killed an orc knight
  1533 | D        | Reached skill level 10 in Dodging
  1541 | D        | Killed an orc knight
  1543 | D        | Found Ojuthradi's Food Shop.
  1548 | D        | Killed an orc knight
  1563 | D        | Killed an orc knight
  1566 | D        | Killed an orc knight
  1566 | D        | Received a gift from Trog
  1567 | D        | Found Sulukk's Book Boutique.
  1726 | D        | Found Ucytaa's Gadget Shop.
  1728 | D        | Noticed an orc knight
  1729 | D        | Noticed an orc knight
  1737 | D        | Killed an orc knight
  1742 | D        | Killed an orc knight
  1755 | D        | Received a gift from Trog
  1755 | D        | Reached XP level 12. HP: 49/90 MP: 12/12
  1806 | D        | Bought a royal jelly for 28 gold pieces
  1806 | D        | Bought a bread ration for 70 gold pieces
  1806 | D        | Bought a meat ration for 70 gold pieces
  1806 | D        | Bought a bread ration for 70 gold pieces
  1806 | D        | Bought 2 fruits for 42 gold pieces
  1806 | D        | Bought a royal jelly for 28 gold pieces
  1806 | D        | Bought a fruit for 21 gold pieces
  1806 | D        | Bought a royal jelly for 28 gold pieces
  1806 | D        | Bought a bread ration for 70 gold pieces
  1806 | D        | Bought a meat ration for 70 gold pieces
  1806 | D        | Bought a meat ration for 70 gold pieces
  1806 | D        | Bought a royal jelly for 28 gold pieces
  1806 | D        | Bought a meat ration for 70 gold pieces
  1806 | D        | Bought a bread ration for 70 gold pieces
  1806 | D        | Bought a meat ration for 70 gold pieces
  1806 | D        | Bought a meat ration for 70 gold pieces
  1812 | D        | Bought a bread ration for 55 gold pieces
  1812 | D        | Bought a fruit for 16 gold pieces
  1812 | D        | Bought a meat ration for 55 gold pieces
  1812 | D        | Bought a bread ration for 55 gold pieces
  1812 | D        | Bought a royal jelly for 22 gold pieces
  1812 | D        | Bought a bread ration for 55 gold pieces
  1812 | D        | Bought a bread ration for 55 gold pieces
  1812 | D        | Bought a bread ration for 55 gold pieces
  1812 | D        | Bought a royal jelly for 22 gold pieces
  1812 | D        | Bought a royal jelly for 22 gold pieces
  2118 | D        | Got the +4 ring mail of Hysteria {rCorr Int-3 Dex+3}
  2156 | D        | Noticed a tengu warrior
  2161 | D        | Noticed a stone giant
  2167 | D        | Noticed a spark wasp
  2185 | D        | Killed a stone giant
  2185 | D        | Received a gift from Trog
  2196 | D        | Killed a tengu warrior
  2196 | D        | Reached skill level 10 in Staves
  2208 | D        | Killed a spark wasp
  2405 | D        | Noticed a rakshasa
  2406 | D        | Noticed a deep troll earth mage
  2430 | D        | Killed a rakshasa
  2434 | D        | Received a gift from Trog
  2442 | D        | Killed a deep troll earth mage
  3388 | D        | Noticed Frances
  3391 | D        | Noticed Snorg
  3406 | D        | Killed Frances
  3406 | D        | Reached skill level 15 in Armour
  3414 | D        | Killed Snorg
  3504 | D        | Noticed a six-headed hydra
  3506 | D        | Received a gift from Trog
  3520 | D        | Noticed an eight-headed hydra
  3532 | D        | Reached XP level 13. HP: 92/97 MP: 13/13
  3536 | D        | Received a gift from Trog
  3611 | D        | Noticed an entropy weaver
  3615 | D        | Received a gift from Trog
  3618 | D        | Got an ancient great mace {god gift}
  3639 | D        | Killed an entropy weaver
  3642 | D        | Identified the +1 great mace of Emaawuf {protect, +Inv rC- Dex+2 SInv} (Trog gifted it to you in the Dungeon)
  3741 | D        | Received a gift from Trog
  3749 | D        | HP: 2/100 [alligator snapping turtle (17)]
  3926 | D        | Received a gift from Trog
  4141 | D        | Noticed a nagaraja
  4165 | D        | Received a gift from Trog
  4186 | D        | Killed a nagaraja
  4213 | D        | Received a gift from Trog
  4507 | D        | Noticed Joseph
  4516 | D        | Killed Joseph
  4521 | D        | Noticed a yaktaur captain
  4521 | D        | Noticed a cyan very ugly thing
  4521 | D        | Noticed an ettin
  4529 | D        | Killed a cyan very ugly thing
  4539 | D        | Noticed an iron dragon
  4541 | D        | Killed an ettin
  4542 | D        | Noticed a frost giant
  4545 | D        | Killed a yaktaur captain
  4545 | D        | Received a gift from Trog
  4545 | D        | Gained mutation: Your large and strong wings let you fly indefinitely. [Gargoyle growth]
  4545 | D        | Reached XP level 14. HP: 108/108 MP: 4/14
  4552 | D        | Noticed a stone giant
  4555 | D        | Noticed a stone giant
  4576 | D        | Killed an iron dragon
  4590 | D        | Killed a frost giant
  4590 | D        | Received a gift from Trog
  4590 | D        | HP: 5/110 [stone giant/large rock (35)]
  4652 | D        | Killed a stone giant
  4847 | D        | Killed a stone giant
  4933 | D        | Received a gift from Trog
  5102 | D        | Reached skill level 15 in Dodging
  5112 | D        | Noticed a vault warden
  5112 | D        | Noticed an ironheart preserver
  5118 | D        | Killed an ironheart preserver
  5124 | D        | Received a gift from Trog
  5135 | D        | Killed a vault warden
  5191 | D        | Received a gift from Trog
  5207 | D        | Noticed a vault warden
  5216 | D        | Noticed an ironheart preserver
  5226 | D        | Noticed a tengu reaver
  5240 | D        | Killed a vault warden
  5244 | D        | Received a gift from Trog
  5246 | D        | Killed an ironheart preserver
  5261 | D        | Killed a tengu reaver
  5262 | D        | Received a gift from Trog
  5263 | D        | HP: 1/114 [yaktaur captain/bolt (17)]
  5540 | D        | Noticed Azrael
  5557 | D        | Killed Azrael
  5565 | D        | Received a gift from Trog
  5590 | D        | Noticed Frederick
  5606 | D        | Killed Frederick
  5606 | D        | Received a gift from Trog
  5606 | D        | Reached XP level 15. HP: 88/120 MP: 5/15
  6055 | D        | Received a gift from Trog
  6086 | D        | Received a gift from Trog
  6103 | D        | Got a decaying rune of Zot
  6145 | D        | Noticed an emperor scorpion
  6145 | D        | Noticed an emperor scorpion
  6154 | D        | Killed an emperor scorpion
  6182 | D        | Killed an emperor scorpion
  6192 | D        | Killed a ghost moth
  6192 | D        | Received a gift from Trog
  6245 | D        | Noticed an emperor scorpion
  6270 | D        | Killed an emperor scorpion
  6379 | D        | Got a gossamer rune of Zot
  6395 | D        | Received a gift from Trog
  6407 | D        | Noticed Ilsuiw
  6446 | D        | Killed Ilsuiw
  6446 | D        | Received a gift from Trog
  6487 | D        | Received a gift from Trog
  6511 | D        | Got a barnacled rune of Zot
  6665 | D        | Noticed a nagaraja
  6665 | D        | Noticed a nagaraja
  6666 | D        | Noticed a nagaraja
  6681 | D        | Killed a nagaraja
  6689 | D        | Killed a nagaraja
  6694 | D        | Killed a nagaraja
  6694 | D        | Reached skill level 27 in Fighting
  6696 | D        | Received a gift from Trog
  6705 | D        | Reached XP level 16. HP: 111/133 MP: 16/16
  6724 | D        | Received a gift from Trog
  6828 | D        | Got a serpentine rune of Zot
  6851 | D        | Noticed Mara
  6867 | D        | Noticed Boris
  6876 | D        | Killed Mara
  6896 | D        | Killed Boris
  6896 | D        | Received a gift from Trog
  7037 | D        | Received a gift from Trog
  7037 | D        | Reached skill level 1 in Stealth
  7044 | D        | Got a jewelled quarterstaff {god gift}
  7053 | D        | Identified the +4 quarterstaff of the Ten Demons {holy, MR+ Str+4 Stlth+} (Trog gifted it to you in the Dungeon)
  7074 | D        | Noticed Margery
  7095 | D        | Killed Margery
  7095 | D        | Received a gift from Trog
  7236 | D        | Received a gift from Trog
  7248 | D        | Received a gift from Trog
  7288 | D        | Reached skill level 10 in Stealth
  7294 | D        | Received a gift from Trog
  7451 | D        | Received a gift from Trog
  7507 | D        | Received a gift from Trog
  7547 | D        | Reached skill level 1 in Shields
  7561 | D        | Noticed a shadow dragon
  7574 | D        | Reached XP level 17. HP: 128/139 MP: 17/17
  7594 | D        | Received a gift from Trog
  7611 | D        | Reached skill level 5 in Shields
  7619 | D        | Received a gift from Trog
  7639 | D        | Reached skill level 27 in Armour
  7645 | D        | Received a gift from Trog
  7942 | D        | Reached skill level 10 in Shields
  7957 | D        | Received a gift from Trog
  7973 | D        | Noticed a greater mummy
  7995 | D        | Received a gift from Trog
  8021 | D        | Killed a greater mummy
  8027 | D        | Got a crude morningstar {god gift}
  8051 | D        | Reached skill level 15 in Stealth
  8083 | D        | Got a silver rune of Zot
  8084 | D        | Identified the +9 morningstar "Ucijatul" {crush, Str-5 Dex+3 Stlth+} (Trog gifted it to you in the Dungeon)
  8131 | D        | Noticed Nikola
  8155 | D        | Killed Nikola
  8155 | D        | Received a gift from Trog
  8206 | D        | Noticed Mennas
  8242 | D        | Killed Mennas
  8242 | D        | Reached skill level 15 in Shields
  8305 | D        | Got the amulet "Kodaev" {Reflect rElec rC+ Dex+5 SH+3}
  8307 | D        | Got the ring "Keaploqe" {Dex+3 Slay+3}
  8309 | D        | Got the amulet of the Catamount {Spirit Int+2 Slay+3}
  8311 | D        | Got the amulet "Zeod" {Gourm +Blink rElec rF+ Str+3}
  8313 | D        | Got the amulet of Iteuviph {Harm *Contam *Drain +Inv rF+ Str+3 Slay+2}
  8327 | D        | Got the +5 double sword "Gram" {venom, MR- Dex+5}
  8356 | D        | Got the +0 hat of Exclusion {Int+4 Dex+5}
  8545 | D        | Received a gift from Trog
  8575 | D        | Received a gift from Trog
  8594 | D        | Noticed a golden dragon
  8641 | D        | Received a gift from Trog
  8641 | D        | Reached XP level 18. HP: 139/145 MP: 18/18
  8647 | D        | Killed a golden dragon
  8703 | D        | Received a gift from Trog
  8795 | D        | Noticed a tentacled monstrosity
  8802 | D        | Killed a tentacled monstrosity
  8813 | D        | Received a gift from Trog
  8866 | D        | Received a gift from Trog
  8915 | D        | Noticed a quicksilver dragon
  8984 | D        | Killed a quicksilver dragon
  8987 | D        | Received a gift from Trog
  9188 | D        | Received a gift from Trog
  9192 | D        | Got a fine quarterstaff {god gift}
  9223 | D        | Received a gift from Trog
  9226 | D        | Identified the +8 quarterstaff of Hatred {venom, Str+3} (Trog gifted it to you in the Dungeon)
  9328 | D        | Noticed an Orb Guardian
  9328 | D        | Noticed an Orb Guardian
  9328 | D        | Noticed an Orb Guardian
  9328 | D        | Noticed an Orb Guardian
  9328 | D        | Noticed an Orb Guardian
  9328 | D        | Noticed an Orb Guardian
  9332 | D        | Killed an Orb Guardian
  9334 | D        | Noticed an Orb Guardian
  9338 | D        | Killed an Orb Guardian
  9338 | D        | Received a gift from Trog
  9345 | D        | Killed an Orb Guardian
  9353 | D        | Killed an Orb Guardian
  9360 | D        | Killed an Orb Guardian
  9372 | D        | Killed an Orb Guardian
  9383 | D        | Killed an Orb Guardian
  9494 | D        | Noticed an Orb Guardian
  9495 | D        | Noticed an Orb Guardian
  9496 | D        | Noticed an Orb Guardian
  9502 | D        | Killed an Orb Guardian
  9502 | D        | Received a gift from Trog
  9502 | D        | Reached XP level 19. HP: 147/151 MP: 19/19
  9537 | D        | Received a gift from Trog
  9537 | D        | Reached skill level 27 in Shields
  9559 | D        | Identified the +9 quarterstaff of the Jolly Stars {vamp, Stlth+} (Trog gifted it to you in the Dungeon)
  9584 | D        | Noticed an ancient lich
  9592 | D        | Killed an ancient lich
  9592 | D        | Received a gift from Trog
  9679 | D        | Noticed an orb of fire
  9689 | D        | Gained mutation: You are clumsy. (Dex -2) [an orb of fire]
  9701 | D        | Gained mutation: Armour fits poorly on your strangely shaped body. [an orb of fire]
  9707 | D        | Killed an orb of fire
  9708 | D        | Lost mutation: Armour fits poorly on your strangely shaped body. [potion of mutation]
  9708 | D        | Lost mutation: You are clumsy. (Dex -2) [potion of mutation]
  9708 | D        | Gained mutation: You are weak. (Str -2) [potion of mutation]
  9708 | D        | Gained mutation: You are very weak. (Str -4) [potion of mutation]
  9708 | D        | Gained mutation: Armour fits poorly on your strangely shaped body. [potion of mutation]
  9708 | D        | Lost mutation: You are very weak. (Str -4) [potion of mutation]
  9709 | D        | Lost mutation: Armour fits poorly on your strangely shaped body. [potion of mutation]
  9709 | D        | Lost mutation: You are weak. (Str -2) [potion of mutation]
  9709 | D        | Gained mutation: You have a pair of small horns on your head. [potion of mutation]
  9709 | D        | Gained mutation: You are partially covered in rugged brown scales. (AC +1, +3% HP) [potion of mutation]
  9710 | D        | Lost mutation: You have a pair of small horns on your head. [potion of mutation]
  9710 | D        | Lost mutation: You are partially covered in rugged brown scales. (AC +1, +3% HP) [potion of mutation]
  9710 | D        | Gained mutation: You passively map a small area around you. [potion of mutation]
  9710 | D        | Gained mutation: Your spells are a little harder to cast, but a little more powerful. [potion of mutation]
  9910 | D        | Noticed an electric golem
  9919 | D        | Killed an electric golem
  9921 | D        | Noticed an orb of fire
  9921 | D        | Noticed an electric golem
  9938 | D        | Gained mutation: You can translocate small distances at will. [an orb of fire]
  9939 | D        | Gained mutation: You are dopey. (Int -2) [an orb of fire]
  9940 | D        | Killed an orb of fire
  9940 | D        | Reached skill level 27 in Dodging
  9941 | D        | Noticed an orb of fire
  9945 | D        | Killed an electric golem
  9958 | D        | Killed an orb of fire
  9958 | D        | Received a gift from Trog
  9958 | D        | Reached skill level 27 in Stealth
  9959 | D        | Noticed an orb of fire
  9960 | D        | Noticed a golden dragon
 10035 | D        | Gained mutation: Potions are less effective at restoring your health. [an orb of fire]
 10036 | D        | Killed an orb of fire
 10053 | D        | Lost mutation: You are dopey. (Int -2) [potion of mutation]
 10053 | D        | Lost mutation: Your spells are a little harder to cast, but a little more powerful. [potion of mutation]
 10053 | D        | Lost mutation: Potions are less effective at restoring your health. [potion of mutation]
 10053 | D        | Gained mutation: Your muscles are strong. (Str +2) [potion of mutation]
 10053 | D        | Gained mutation: Your spells are a little harder to cast, but a little more powerful. [potion of mutation]
 10109 | D        | Killed a golden dragon
 10109 | D        | Received a gift from Trog
 10122 | D        | Reached XP level 20. HP: 113/157 MP: 20/20
 10143 | D        | Noticed an electric golem
 10165 | D        | Killed an electric golem
 10181 | D        | Received a gift from Trog
 10187 | D        | Reached skill level 5 in Spellcasting
 10234 | D        | Received a gift from Trog
 10276 | D        | Received a gift from Trog
 10357 | D        | Noticed an ancient lich
 10359 | D        | Reached skill level 27 in Maces & Flails
 10359 | D        | Reached skill level 1 in Throwing
 10364 | D        | Noticed an ancient lich
 10370 | D        | Killed an ancient lich
 10373 | D        | Noticed a Tzitzimitl
 10375 | D        | Received a gift from Trog
 10378 | D        | Received a gift from Trog
 10378 | D        | Reached skill level 10 in Spellcasting
 10404 | D        | Killed an ancient lich
 10404 | D        | Received a gift from Trog
 10410 | D        | Received a gift from Trog
 10410 | D        | Reached skill level 10 in Throwing
 10417 | D        | Received a gift from Trog
 10420 | D        | Noticed a lich
 10427 | D        | Killed a lich
 10427 | D        | Received a gift from Trog
 10430 | D        | Received a gift from Trog
 13108 | D        | Received a gift from Trog
 13109 | D        | Received a gift from Trog
 16113 | D        | Received a gift from Trog
 16119 | D        | Received a gift from Trog
 16120 | D        | Reached skill level 15 in Throwing
 16142 | D        | Received a gift from Trog
 16147 | D        | Received a gift from Trog
 16166 | D        | Reached XP level 21. HP: 80/163 MP: 38/38
 16182 | D        | Received a gift from Trog
 16185 | D        | Got an elven rune of Zot
 16426 | D        | Received a gift from Trog
 16432 | D        | Received a gift from Trog
 16444 | D        | Noticed the Royal Jelly
 16449 | D        | Received a gift from Trog
 16457 | D        | Killed the Royal Jelly
 16465 | D        | Paralysed by a floating eye for 2 turns
 16485 | D        | Received a gift from Trog
 16493 | D        | Got a slimy rune of Zot
 16515 | D        | Received a gift from Trog
 16619 | D        | Received a gift from Trog
 16632 | D        | Received a gift from Trog
 16639 | D        | Received a gift from Trog
 16653 | D        | Received a gift from Trog
 16653 | D        | Reached skill level 27 in Throwing
 17003 | D        | Received a gift from Trog
 17095 | D        | Received a gift from Trog
 17110 | D        | Reached skill level 10 in Unarmed Combat
 17126 | D        | Received a gift from Trog
 18866 | D        | Fell from the grace of Trog
 18866 | D        | Became a worshipper of the Shining One
 20610 | D        | Reached * piety under the Shining One
 20614 | D        | Noticed a greater mummy
 20614 | D        | Noticed a greater mummy
 20614 | D        | Reached ** piety under the Shining One
 20614 | D        | Noticed a greater mummy
 20614 | D        | Reached *** piety under the Shining One
 20615 | D        | Reached skill level 1 in Invocations
 20618 | D        | Reached **** piety under the Shining One
 20625 | D        | Killed a greater mummy
 20632 | D        | Killed a greater mummy
 20635 | D        | Reached ***** piety under the Shining One
 20648 | D        | Killed a greater mummy
 20648 | D        | Reached skill level 15 in Invocations
 22124 | D        | Got a golden rune of Zot
 22128 | D        | Reached ****** piety under the Shining One
 22162 | D        | Reached XP level 22. HP: 169/169 MP: 39/39
 22168 | D        | Got an abyssal rune of Zot
 22170 | D        | Identified a +8 sacred scourge of holy wrath (a +6 demon whip of venom blessed by the Shining One)
 22170 | D        | Received a gift from the Shining One
 22295 | D        | Noticed Geryon
 22304 | D        | Killed Geryon
 22309 | D        | Noticed Antaeus
 22309 | D        | Noticed Cerebov
 22317 | D        | Noticed Lom Lobon
 22333 | D        | Killed Antaeus
 22338 | D        | Noticed Asmodeus
 22344 | D        | Killed Cerebov
 22345 | D        | Noticed Gloorx Vloq
 22723 | D        | Killed Asmodeus
 22723 | D        | Reached skill level 27 in Invocations
 22723 | D        | Reached skill level 15 in Unarmed Combat
 22767 | D        | Killed Lom Lobon
 22835 | D        | Noticed Mnoleg
 22841 | D        | Gained mutation: You expend magic power (3 MP) to strengthen your wands. [Mnoleg's mutagenic touch]
 22855 | D        | Killed Mnoleg
 22876 | D        | Killed Gloorx Vloq
 23158 | D        | Noticed Dispater
 23201 | D        | Killed Dispater
 23572 | D        | Got a fiery rune of Zot
 23576 | D        | Got an icy rune of Zot
 23580 | D        | Got a magical rune of Zot
 23584 | D        | Got a dark rune of Zot
 23588 | D        | Got an obsidian rune of Zot
 23590 | D        | Noticed Ereshkigal
 23643 | D        | Killed Ereshkigal
 23643 | D        | Reached XP level 23. HP: 163/175 MP: 13/40
 23645 | D        | Got an iron rune of Zot
 23649 | D        | Got a glowing rune of Zot
 23653 | D        | Got a bone rune of Zot
 24066 | D        | Got the Orb of Zot
 24367 | D        | Gained mutation: You are dopey. (Int -2) [a cacodemon]
 24641 | D        | Reached skill level 27 in Unarmed Combat
 24693 | D        | Noticed an ancient lich
 24700 | D        | Killed an ancient lich
 24700 | D        | Reached skill level 15 in Spellcasting
 24762 | D        | Noticed Kogejy Wyops the pandemonium lord
 24791 | D        | Killed Kogejy Wyops the pandemonium lord
 24860 | D        | Noticed Deurph the pandemonium lord
 24865 | D        | Paralysed by a floating eye for 4 turns
 24874 | D        | Killed Deurph the pandemonium lord
 25334 | D        | Gained mutation: You are robust. (+10% HP) [a neqoxec]
 25335 | D        | Gained mutation: Scrolls take you a little longer to read. [a neqoxec]
 25907 | D        | Noticed Rofuon the pandemonium lord
 25908 | D        | Paralysed by Rofuon for 7 turns
 25920 | D        | Killed Rofuon the pandemonium lord
 25927 | D        | Reached skill level 27 in Spellcasting
 26026 | D        | Noticed Ighoh the pandemonium lord
 26034 | D        | Killed Ighoh the pandemonium lord
 26208 | D        | Noticed Ilehavocw the pandemonium lord
 26211 | D        | Noticed Libront the pandemonium lord
 26230 | D        | Killed Libront the pandemonium lord
 26230 | D        | Reached XP level 24. HP: 199/199 MP: 18/54
 26237 | D        | Killed Ilehavocw the pandemonium lord
 26494 | D        | Escaped with the Orb!

Vault maps used:
D:        linesprint

Skill      XL: |  1  2  3  4  5  6  7  8  9 10 11 12 13 14 15 16 17 18 19 20 21 22 23 |
---------------+----------------------------------------------------------------------+-----
Maces & Flails | 7 8 10 11 12 13 14 16 22 27 | 27.0
Fighting       | 6 8 9 10 11 12 14 16 18 20 24 27 | 27.0
Armour         | 4 7 8 9 11 13 15 17 20 22 26 27 | 27.0
Dodging        | 3 5 6 7 9 10 12 14 16 18 20 22 24 27 | 27.0
Staves         | 4 8 11 14 | 14.0
Stealth        | 12 17 22 27 | 27.0
Shields        | 3 18 25 27 | 27.0
Spellcasting   | 13 27 | 27.0
Throwing       | 18 27 | 27.0
Unarmed Combat | 11 25 27 | 27.0
Invocations    | 18 27 | 27.0

Action                   |  1- 3 |  4- 6 |  7- 9 | 10-12 | 13-15 | 16-18 | 19-21 | 22-24 || total
-------------------------+-------+-------+-------+-------+-------+-------+-------+-------++-------
Melee: Mace              |    14 |    19 |       |       |       |       |       |       ||    33
       Morningstar       |       |    10 |    40 |   254 |       |       |       |       ||   304
       Demon whip        |       |       |       |   163 |   313 |       |       |       ||   476
       Lajatang          |       |       |       |       |   442 |   416 |       |       ||   858
       Eveningstar       |       |       |       |       |       |   543 |   590 |   687 ||  1820
Throw: Javelin           |       |       |       |       |       |       |    29 |       ||    29
Invok: Berserk           |     1 |     1 |     2 |     7 |     7 |     1 |     1 |       ||    20
       Trog's Hand       |       |     1 |     1 |     3 |    19 |    14 |    11 |       ||    49
       Brothers in Arms  |       |       |       |       |    10 |     5 |     2 |       ||    17
       Burn Spellbooks   |       |       |       |       |       |     2 |       |       ||     2
       Divine Shield     |       |       |       |       |       |       |     1 |     6 ||     7
       Cleansing Flame   |       |       |       |       |       |       |       |     9 ||     9
       Summon Divine War |       |       |       |       |       |       |       |     2 ||     2
       Brand Weapon With |       |       |       |       |       |       |       |     1 ||     1
 Abil: Fly               |       |       |       |       |     1 |       |       |       ||     1
  Use: Potion            |       |       |       |     3 |     7 |     3 |     6 |    12 ||    31
       Scroll            |       |       |       |       |     3 |     9 |     4 |     4 ||    20
 Stab: Invisible         |       |       |       |     2 |       |       |       |       ||     2
       Confused          |       |       |       |       |       |     3 |       |       ||     3
       Sleeping          |       |       |       |       |       |       |     2 |       ||     2
  Eat: Chunk             |       |       |     2 |    14 |    10 |     9 |     4 |       ||    39
       Bread ration      |       |       |       |     1 |     2 |     1 |     3 |     4 ||    11
       Royal jelly       |       |       |       |     1 |       |     1 |     1 |       ||     3
       Fruit             |       |       |       |       |     2 |       |     7 |       ||     9
       Meat ration       |       |       |       |       |     1 |     2 |     3 |     1 ||     7
Armor: Animal skin       |     2 |     6 |       |       |       |       |       |       ||     8
       Chain mail        |       |       |    15 |    70 |       |       |       |       ||    85
       Plate armour      |       |       |       |    70 |   245 |       |       |       ||   315
       Gold dragon scale |       |       |       |       |   296 |   350 |    75 |   104 ||   825
Dodge: Dodged            |     7 |    12 |    16 |   158 |   350 |   263 |   127 |   144 ||  1077
Block: Shield            |       |       |       |       |       |   297 |       |       ||   297
       Large shield      |       |       |       |       |       |     3 |   449 |   628 ||  1080
       Reflection        |       |       |       |       |       |     1 |    11 |     8 ||    20

Table legend:
 A = Spawn XP
 B = Non-spawn XP
 C = Spawn XP percentage of total XP
 D = Spawn monster count
 E = Non-spawn monster count
 F = Spawn count percentage of total count
 G = Total turns spent on level
                    A         B        C        D         E        F      G
               +---------+---------+-------+---------+---------+-------+---------
         Total |       0 |  708451 |   0.0 |       0 |     524 |   0.0 | 26494
               +---------+---------+-------+---------+---------+-------+---------
             D |       0 |  708451 |   0.0 |       0 |     524 |   0.0 | 26494
               +---------+---------+-------+---------+---------+-------+---------
